 Dungeon Crawl Stone Soup version 0.28.0-45-g0d030f2227 (webtiles) character file.

Game seed: 16492295205169433309

5434 NinjaNoafa the Changer (level 10, 0/81 HPs)
             Began as a Grey Draconian Transmuter on Apr 12, 2022.
             Was a Believer of Wu Jian.
             Slain by a black mamba (12 damage)
             ... on level 1 of the Lair of Beasts on Apr 13, 2022.
             The game lasted 00:27:24 (10001 turns).

NinjaNoafa the Changer (Grey Draconian Transmuter) Turns: 10001, Time: 00:27:24

Health: 0/81       AC: 14    Str: 15    XL:     10   Next: 41%
Magic:  18/18      EV: 13    Int: 15    God:    Wu Jian [**....]
Gold:   472        SH:  5    Dex: 12    Spells: 13/20 levels left

rFire   . . .      SeeInvis .   a - staff of earth
rCold   . . .      Faith    .   (no shield)
rNeg    . . .      Spirit   .   (armour unavailable)
rPois   +          Reflect  +   (helmet currently unavailable)
rElec   .          Harm     +   r - scarf {harm}
rCorr   .          Rampage  .   G - +1 pair of gloves
Will    .....                   (boots currently unavailable)
Stlth   ++........              I - amulet of reflection
HPRegen 0.23/turn               u - ring of poison resistance
MPRegen 0.16/turn               j - +4 ring of slaying

@: appendages
A: horns 2, talons 2, AC +12, amphibious, unfitting armour, cold-blooded, claws
1
a: End Transformation, Renounce Religion, Wall Jump


You were on level 1 of the Lair of Beasts.
You worshipped Wu Jian.
Wu Jian was pleased with you.
You had temporarily grown beastly horns and talons.
You visited 2 branches of the dungeon, and saw 9 of its levels.

You collected 485 gold pieces.
You spent 13 gold pieces at shops.

Inventory:

Hand Weapons
 d - a +2 dagger of venom
 m - a +0 dagger of protection
 q - a +3 dagger of speed
 y - a +2 hand axe of electrocution
 L - a +3 spear
Missiles
 c - 292 stones
 f - 3 boomerangs of dispersal
 i - 2 throwing nets
 v - 5 atropa-tipped darts (quivered)
 F - 4 poisoned darts
Armour
 r - a scarf of harm (worn)
 G - a +1 pair of gloves (worn)
 H - the +3 cloak "Uddu" {Will+ Int-3 Dex+5 Stlth+}
   (You acquired it on level 1 of the Dungeon)

   Int:       It affects your intelligence (-3).
   Dex:       It affects your dexterity (+5).
   Will:      It increases your willpower.
   Stlth:     It makes you more stealthy.
Magical Staves
 a - a staff of earth (weapon)
 b - a staff of fire
Jewellery
 h - a ring of poison resistance
 j - a +4 ring of slaying (right hand)
 k - a ring of protection from fire
 l - a ring of fire
 s - a ring of fire
 u - a ring of poison resistance (left hand)
 E - a ring of protection from fire
 I - an amulet of reflection (around neck)
 K - a ring of positive energy
Wands
 o - a wand of charming (8)
 z - a wand of iceblast (2)
Scrolls
 e - a scroll of immolation
 p - 2 scrolls of teleportation
 w - 3 scrolls of amnesia
 J - 3 scrolls of fear
 N - 3 scrolls of enchant weapon
Potions
 g - 2 potions of degeneration
 x - a potion of mutation
 M - a potion of attraction


   Skills:
 - Level 5.1 Fighting
 - Level 2.8 Short Blades
 - Level 3.0 Staves
 + Level 5.3 Dodging
 - Level 3.0 Stealth
 - Level 4.0 Unarmed Combat
 + Level 5.7 Spellcasting
 + Level 6.2 Transmutations
 + Level 4.4 Fire Magic
 + Level 3.7 Earth Magic
 + Level 4.7 Poison Magic
 + Level 4.4 Evocations


You had 13 spell levels left.
You knew the following spells:

 Your Spells              Type           Power      Damage    Failure   Level
a - Beastly Appendage     Tmut           46%        N/A       1%          1
b - Wereblood             Tmut           23%        N/A       1%          2
c - Sting                 Tmut/Pois      80%        1d7       1%          1
d - Spider Form           Tmut/Pois      20%        N/A       4%          3

Your spell library contained the following spells:

 Spells                   Type           Power      Damage    Failure   Level
 Ignite Poison            Fire/Tmut/Pois 19%        N/A       5%          3
 Poisonous Vapours        Pois/Air       22%        N/A       9%          2
 Conjure Flame            Conj/Fire      11%        6-21      19%         3
 Olgreb's Toxic Radiance  Pois           18%        N/A       22%         4
 Ice Form                 Ice/Tmut       13%        N/A       38%         4
 Sticky Flame             Conj/Fire      11%        2d3       52%         4
 Airstrike                Air            2%         N/A       83%         4
 Summon Lightning Spire   Summ/Air       4%         N/A       83%         4
 Lightning Bolt           Conj/Air       2%         1d13      99%         5


Dungeon Overview and Level Annotations

Branches:
Dungeon (8/15)             Temple (0/1) D:6            Lair (1/6) D:8

Altars:
Cheibriados
Hepliaklqana
Makhleb
Nemelex Xobeh
Wu Jian
Zin

Shops:
D:2 !


Innate Abilities, Weirdness & Mutations

You have temporarily grown beastly horns and talons.
Your dull iron-grey scales are very hard. (AC +12)
You are amphibious.
You cannot fit into any form of body armour.
You are cold-blooded and may be slowed by cold attacks.
You have sharp fingernails.


Message History

The black mamba is moderately wounded.
You feel very sick. The black mamba completely misses you.
You block the black mamba's attack.
You hit the black mamba but do no damage.
The black mamba is lightly wounded.
You feel very sick. The black mamba bites you.
The black mamba bites you but does no damage.
Casting: Sting (safe; 1% risk of failure)
Confirm with . or Enter, or press ? or * to list all spells.
You grow a pair of large bovine horns.
Your feet morph into talons.
You feel sick.
The black mamba bites you but does no damage.
You miss the black mamba. You claw the black mamba.
Your headbutt misses the black mamba.
The black mamba is lightly wounded.
You feel sick. The black mamba bites you! The black mamba barely misses you.
Magic courses through your body.
You feel sick. The black mamba barely misses you.
You block the black mamba's attack.
You miss the black mamba.
You claw the black mamba, but do no damage.
Your headbutt misses the black mamba.
The black mamba is lightly wounded.
You feel sick. You block the black mamba's attack.
The black mamba barely misses you.
Okay, then.
You feel sick. The black mamba bites you!
* * * LOW HITPOINT WARNING * * *
As you read the scroll of teleportation, it crumbles to dust.
You feel strangely unstable.
You feel sick.
The black mamba bites you but does no damage.
You feel sick. The black mamba barely misses you.
You feel sick.
The black mamba bites you but does no damage.
You feel sick.
You are no longer poisoned.
The black mamba barely misses you.
Your surroundings seem slightly different.
The black mamba bites you!
You die...

#######
#.....##
##<....###
#.#...ยง..##
####.....P#
##.....##
#.#..S.####
###..@..#.#
##.....##
##.....#
##....####
###.....# #
##....## #
#.....#### ###
#P#....#.###..
####....##...S


You could see a black mamba.

Vanquished Creatures
  A two-headed ogre (D:8)
  A komodo dragon (Lair:1)
  Grinder (D:4)
  Sigmund (D:2)
  11 yaks
  3 wyverns (D:8)
  3 water moccasins
  Duvessa (D:5)
  A sky beast (D:6)
  3 black bears
  An ice beast (D:8)
  2 necrophages
  A bullfrog (D:7)
  A gnoll sergeant (D:6)
  A scorpion (D:6)
  A wyvern skeleton (D:6)
  Dowan (D:5)
  A wight (D:8)
  A howler monkey (D:8)
  A bullfrog zombie (D:6)
  2 centaur zombies
  A jelly (D:6)
  A centaur skeleton (D:6)
  A gnoll shaman (D:7)
  An orc priest (D:8)
  5 hounds
  Ijyb (D:5)
  5 iguanas
  A killer bee zombie (D:8)
  A hound skeleton (D:4)
  A howler monkey zombie (D:8)
  7 gnolls
  A howler monkey skeleton (D:7)
  6 adders
  2 shadow imps
  3 white imps (D:6)
  2 ufetubi
  An adder skeleton (D:4)
  A worm (D:2)
  2 dart slugs
  19 orcs
  8 bats
  6 endoplasms
  6 giant cockroaches
  8 goblins
  4 hobgoblins (D:1)
  3 jackals (D:4)
  2 quokkas
  4 ball pythons
  9 frilled lizards
  9 kobolds
  9 rats
169 creatures vanquished.

Vanquished Creatures (others)
  3 bushes (D:8)
  6 fungi
  26 plants
35 creatures vanquished.

Grand Total: 204 creatures vanquished

Notes
Turn   | Place    | Note
-------+----------+-------------------------------------------
     0 | D:1      | NinjaNoafa the Draconian Transmuter began the quest for the
                  | Orb.
     0 | D:1      | Reached XP level 1. HP: 16/16 MP: 3/3
   326 | D:1      | Reached XP level 2. HP: 16/23 MP: 3/5
  1166 | D:1      | Reached XP level 3. HP: 25/29 MP: 6/6
  1199 | D:1      | Identified a scroll of acquirement
  1199 | D:1      | Acquired the +3 cloak "Uddu" {Will+ Int-3 Dex+5 Stlth+}
  1370 | D:1      | Found a faded altar of an unknown god.
  1696 | D:2      | Found Seheh's Distillery.
  1708 | D:2      | Bought a potion of degeneration for 13 gold pieces
  1709 | D:2      | Noticed Sigmund
  1718 | D:2      | Killed Sigmund
  1719 | D:2      | Reached skill level 3 in Transmutations
  1719 | D:2      | Reached XP level 4. HP: 23/37 MP: 5/8
  1719 | D:2      | Reached XP level 5. HP: 26/42 MP: 5/9
  2841 | D:3      | Found an ornate altar of the Wu Jian Council.
  2871 | D:3      | Found a hazy altar of Hepliaklqana.
  2900 | D:3      | Became a worshipper of the Wu Jian Council
  3034 | D:3      | Found a faded altar of an unknown god.
  3039 | D:3      | Found a sparkling altar of Nemelex Xobeh.
  3110 | D:4      | Noticed Grinder
  3119 | D:4      | Killed Grinder
  3120 | D:4      | Reached skill level 1 in Stealth
  3120 | D:4      | Reached XP level 6. HP: 43/51 MP: 9/11
  3405 | D:4      | Learned a level 2 spell: Wereblood
  3741 | D:4      | Found a burning altar of Makhleb.
  3741 | D:4      | Noticed a blizzard demon
  3744 | D:4      | Noticed a neqoxec
  3744 | D:4      | Noticed a hellwing
  3963 | D:5      | Entered Level 5 of the Dungeon
  3972 | D:5      | Found a snail-covered altar of Cheibriados.
  3979 | D:5      | Reached skill level 4 in Transmutations
  4063 | D:5      | Your scales start taking on a dull iron-grey colour.
  4063 | D:5      | Reached XP level 7. HP: 53/57 MP: 10/12
  4183 | D:5      | Noticed Ijyb
  4189 | D:5      | Killed Ijyb
  4270 | D:5      | Reached skill level 1 in Short Blades
  4437 | D:5      | Reached skill level 1 in Poison Magic
  4593 | D:5      | Found a glowing silver altar of Zin.
  4596 | D:5      | Learned a level 1 spell: Sting
  4706 | D:5      | Noticed Dowan
  4709 | D:5      | Noticed Duvessa
  4716 | D:5      | Killed Dowan
  4726 | D:5      | Killed Duvessa
  5331 | D:6      | Reached XP level 8. HP: 62/66 MP: 14/14
  5376 | D:6      | Reached * piety under Wu Jian
  5812 | D:6      | Reached skill level 5 in Transmutations
  5944 | D:6      | Found a staircase to the Ecumenical Temple.
  6661 | D:7      | Reached skill level 1 in Fire Magic
  6677 | D:7      | Reached ** piety under Wu Jian
  6688 | D:7      | Reached skill level 1 in Evocations
  7281 | D:8      | Found a staircase to the Lair.
  7292 | D:8      | Reached skill level 5 in Fighting
  7292 | D:8      | Reached XP level 9. HP: 54/74 MP: 14/16
  7652 | D:8      | Reached skill level 1 in Staves
  7659 | D:8      | Gained mutation: You have sharp fingernails. [potion of
                  | mutation]
  7663 | D:8      | HP: 2/74 [yak (6)]
  7772 | D:8      | Noticed a two-headed ogre
  7792 | D:8      | HP: 6/166 [two-headed ogre/+0 giant spiked club (5)]
  7794 | D:8      | Killed a two-headed ogre
  7795 | D:8      | Reached skill level 5 in Spellcasting
  8190 | D:8      | Reached skill level 1 in Earth Magic
  8513 | D:8      | Reached XP level 10. HP: 39/81 MP: 14/18
  8516 | D:8      | Reached skill level 5 in Dodging
  8957 | Lair:1   | Entered Level 1 of the Lair of Beasts
  8979 | Lair:1   | Learned a level 3 spell: Spider Form
  9063 | Lair:1   | Reached skill level 6 in Transmutations
  9919 | Lair:1   | Noticed a black mamba
 10001 | Lair:1   | Slain by a black mamba

Illustrated notes

Levels and vault maps discovered:
D:1:      mushboom_english_gardens, layout_basic,
          hellmonk_ecumenical_altar_inner_sanctum,
          hangedman_decor_diamond_cutter
D:2:      minmay_evil_eye, layout_basic, serial_shops, nicolae_shop_crystal,
          uniq_sigmund
D:3:      layout_loops_ring, mainiacjoe_overflow_swirl,
          nicolae_overflow_ecumenical_swirl
D:4:      layout_cave_pods, makhleb_altar_promises_db, uniq_grinder
D:5:      layout_basic, mainiacjoe_overflow_surrounded_room, zin_statuary,
          uniq_duvessa, uniq_ijyb
D:6:      minmay_octagon_keep, layout_cave_pools, temple_hall
D:7:      layout_loops_corners
D:8:      minmay_angry_zag, layout_basic, minmay_lair_entry_grove
Lair:1:   layout_hall_layers, uniq_gastronok

Skill      XL: |  1  2  3  4  5  6  7  8  9 10 |
---------------+-------------------------------+-----
Dodging        | 2 3 4 5 |  5.3
Fighting       | 2 3 4 5 |  5.1
Spellcasting   | 3 4 5 |  5.7
Transmutations | 3 4 5 6 |  6.2
Stealth        | 1 2 3 |  3.0
Unarmed Combat | 4 |  4.0
Short Blades   | 1 2 |  2.8
Poison Magic   | 1 3 4 |  4.7
Fire Magic     | 1 3 4 |  4.4
Evocations     | 1 3 4 |  4.4
Staves         | 3 |  3.0
Earth Magic    | 2 3 |  3.7

Action                   |  1- 3 |  4- 6 |  7- 9 | 10-12 || total
-------------------------+-------+-------+-------+-------++-------
Melee: Unarmed           |    26 |       |       |       ||    26
       Tailslap          |    11 |     9 |    29 |    18 ||    67
       Kick              |    13 |     6 |    55 |    20 ||    94
       Headbutt          |     9 |     6 |    35 |    10 ||    60
       Dagger            |    81 |    76 |   111 |    19 ||   287
       Punch             |       |     1 |    12 |     3 ||    16
       Staff             |       |       |   128 |    61 ||   189
       Spear             |       |       |     1 |       ||     1
 Cast: Beastly Appendage |    18 |     8 |    23 |     4 ||    53
       Sting             |       |       |    15 |     2 ||    17
       Wereblood         |       |       |     7 |     1 ||     8
Invok: Lunge             |       |     5 |    12 |     3 ||    20
       Whirlwind         |       |       |     6 |     2 ||     8
 Abil: Wall Jump         |       |       |     2 |     1 ||     3
Evoke: Wand              |       |       |     2 |       ||     2
  Use: Scroll            |     6 |     1 |     5 |    10 ||    22
       Potion            |       |       |    12 |     1 ||    13
 Stab: Sleeping          |     3 |     7 |     8 |       ||    18
       Distracted        |       |       |     1 |       ||     1
Armor: Skin              |    63 |    26 |   113 |    31 ||   233
Dodge: Dodged            |   122 |    41 |   151 |    61 ||   375
Block: Other             |       |       |    42 |    20 ||    62
